 Dungeon Crawl Stone Soup version 0.28.0-53-g5a82cb258f (webtiles) character file.

Game seed: 17236759461523465821

3263 uvd540 the Cleaver (level 9, -5/81 HPs)
             Began as a Minotaur Berserker on Aug 9, 2022.
             Was an Elder of Trog.
             Slain by an orc warrior
             ... wielding a +0 war axe
              (11 damage)
             ... in a bailey.
             The game lasted 00:53:05 (7446 turns).

uvd540 the Cleaver (Minotaur Berserker)             Turns: 7446, Time: 00:53:05

Health: -5/81      AC: 16    Str: 22    XL:     9   Next: 68%
Magic:  8/8        EV:  9    Int:  4    God:    Trog [****..]
Gold:   310        SH:  0    Dex: 14    Spells: 8/8 levels left

rFire   + . .      SeeInvis .   r - +1 war axe
rCold   x . .      Faith    .   (no shield)
rNeg    . . .      Spirit   .   v - +0 plate armour
rPois   .          Reflect  .   (helmet unavailable)
rElec   .          Harm     .   (no cloak)
rCorr   .          Rampage  .   k - +0 pair of gloves
Will    ++...                   (no boots)
Stlth   ..........              (no amulet)
HPRegen 1.23/turn               s - ring of flight
MPRegen 0.11/turn               m - ring of fire

@: about to teleport, strong-willed, on berserk cooldown, flying, regenerating,
slowed, very slow
A: horns 3, retaliatory headbutt, iridescent scales 1
a: Renounce Religion, Berserk, Trog's Hand, Brothers in Arms


You were in a bailey.
You worshipped Trog.
Trog was greatly pleased with you.
You visited 1 branch of the dungeon, and saw 7 of its levels.
You also visited: Sewer and Bailey.

You collected 404 gold pieces.
You spent 94 gold pieces at shops.

Inventory:

Hand Weapons
 r - a +1 war axe (weapon)
 y - a +1 broad axe of pain
 E - a +1 dagger of venom
Missiles
 l - a poisoned dart
 G - 3 atropa-tipped darts (quivered)
Armour
 k - a +0 pair of gloves (worn)
 v - a +0 plate armour (worn)
 C - +2 acid dragon scales
Jewellery
 m - a ring of fire (right hand)
 s - a ring of flight (left hand)
Wands
 a - a wand of digging (4)
 o - a wand of flame (39)
 p - a wand of iceblast (5)
 t - a wand of polymorph (3)
Scrolls
 b - a scroll of magic mapping {unknown}
 f - a scroll of teleportation
 g - 5 scrolls of amnesia {unknown}
 j - a scroll of immolation {unknown}
 q - a scroll of enchant weapon
 u - a scroll of enchant armour {unknown}
 w - 2 scrolls of fear
 D - a scroll of noise {unknown}
 F - a scroll of identify
Potions
 d - a potion of invisibility
 e - a potion of ambrosia
 h - a potion of haste
 i - 2 potions of might
 n - a potion of attraction
 x - a potion of flight
 z - a potion of magic
 A - a potion of resistance {unknown}
 B - 2 potions of mutation


   Skills:
 + Level 8.3 Fighting
 * Level 10.8 Axes
 + Level 7.8 Armour
 + Level 7.1 Dodging


You had 8 spell levels left.
You didn't know any spells.
Your spell library contained the following spells:

 Spells                   Type           Power      Damage    Failure   Level
 Dazzling Flash           Conj/Hex       0%         N/A       100%        3
 Iskenderun's Mystic Bla  Conj/Tloc      0%         2d3       100%        4
 Starburst                Conj/Fire      0%         6d3       100%        6


Dungeon Overview and Level Annotations

Branches:
Dungeon (7/15)             Temple (0/1) D:5           Sewer (visited)
 Bailey (1/1)

Altars:
Gozag
Hepliaklqana
Kikubaaqudgha
Makhleb
Qazlal
Vehumet
Yredelemnul
Zin
The Shining One

Shops:
D:4 (


Innate Abilities, Weirdness & Mutations

You have a pair of large horns on your head.
You reflexively headbutt those who attack you in melee.
You are partially covered in iridescent scales. (AC +2)


Message History

You hit the orc warrior but do no damage.
The orc warrior is lightly wounded.
The orc warrior hits you with a +0 war axe!
The orc warrior hits you with a +0 war axe.
You completely miss the orc warrior.
The orc warrior hits you with a +0 war axe!
* * * LOW HITPOINT WARNING * * *
You feel much better.
The orc warrior hits you but does no damage.
You hit the orc warrior but do no damage.
You headbutt the orc warrior.
The orc warrior is moderately wounded.
The orc warrior hits you but does no damage.
The orc warrior barely misses you.
You hit the orc warrior but do no damage.
Your headbutt misses the orc warrior.
The orc warrior is moderately wounded.
The orc warrior hits you with a +0 war axe.
You hit the orc warrior.
The orc warrior is moderately wounded.
The orc warrior hits you with a +0 war axe!
* * * LOW HITPOINT WARNING * * *
The orc warrior barely misses you.
The orc warrior hits you with a +0 war axe.
* * * LOW HITPOINT WARNING * * *
Items here: $ ( ) [ †.
The orc warrior hits you but does no damage.
There is an open door, spattered with blood here.
The orc warrior hits you with a +0 war axe!
* * * LOW HITPOINT WARNING * * *
Your skin crawls.
You feel strong-willed.
The orc warrior hits you with a +0 war axe!
* * * LOW HITPOINT WARNING * * *
Unknown command.
As you read the scroll of teleportation, it crumbles to dust.
You feel strangely unstable. The orc warrior barely misses you.
You furiously retaliate!
You headbutt the orc warrior.
The orc warrior hits you with a +0 war axe!
You die...

#'###..♣♣ #.≈≈≈...♣
#.≈≈≈...♣♣ ....∩..
#.≈≈≈...∩♣
##.........##())≈...♣
#≈..8...8..≈#.))≈...♣
##+#≈.........≈#'###..♣♣
...#≈[!8..o8!)≈#o..##.♣
...##≈≈#####≈≈##@...##♣
....####...####......##
......................#
..8.............8..8..#
......................#
.......(.()()........##
..8..)##'''##...8...##
.....##.....##.....##
#...##.......##...##


You could see an orc warrior.

Vanquished Creatures
  An orc knight (Bailey)
  Maggie (D:6)
  The ghost of COBRA the Chopper, an amateur HOFi (D:5)
  A wraith (D:7)
  2 orc warriors
  A black bear (D:4)
  2 ice beasts (D:5)
  Pargi (Sewer)
  A centaur (D:5)
  An ogre (D:6)
  A bullfrog (D:6)
  A scorpion (D:5)
  A water moccasin zombie (D:6)
  2 hornet simulacra (D:5)
  4 killer bees (D:7)
  A howler monkey (D:5)
  A crimson imp (D:6)
  A wyvern simulacrum (D:5)
  3 jellies
  5 hounds
  2 bullfrog skeletons
  A centaur skeleton (D:6)
  4 orc priests
  Ijyb (D:5)
  2 iguanas
  2 orc wizards (D:4)
  A killer bee zombie (D:6)
  A centaur simulacrum (D:5)
  A bullfrog simulacrum (D:5)
  A howler monkey zombie (D:7)
  4 gnolls (D:6)
  2 river rats (D:5)
  8 adders
  2 shadow imps (D:6)
  A white imp (D:5)
  A howler monkey simulacrum (D:5)
  5 worms
  22 orcs
  2 bats (D:1)
  5 endoplasms
  6 giant cockroaches
  8 hobgoblins
  9 jackals
  4 quokkas
  8 ball pythons
  9 frilled lizards
  11 goblins
  9 kobolds
  8 rats
172 creatures vanquished.

Vanquished Creatures (others)
  A plant (D:3)
1 creature vanquished.

Grand Total: 173 creatures vanquished

Notes
Turn   | Place    | Note
-------+----------+-------------------------------------------
     0 | D:1      | uvd540 the Minotaur Berserker began the quest for the Orb.
     0 | D:1      | Reached XP level 1. HP: 19/19 MP: 0/0
   312 | D:1      | Reached XP level 2. HP: 27/27 MP: 1/1
   451 | D:1      | Reached skill level 4 in Axes
   986 | D:2      | Reached XP level 3. HP: 31/33 MP: 2/2
  1003 | D:2      | Reached ** piety under Trog
  1017 | D:2      | Found a faded altar of an unknown god.
  1646 | D:2      | Reached XP level 4. HP: 37/41 MP: 3/3
  2351 | D:3      | Found a glowing golden altar of the Shining One.
  3027 | D:4      | Found an ancient bone altar of Kikubaaqudgha.
  3102 | D:4      | Noticed an earth elemental
  3103 | D:4      | Found a stormy altar of Qazlal.
  3108 | D:4      | Noticed a water elemental
  3108 | D:4      | Noticed an air elemental
  3108 | D:4      | Noticed a fire elemental
  3117 | D:4      | Noticed a black bear
  3143 | D:4      | Killed a black bear
  3144 | D:4      | Reached skill level 5 in Axes
  3144 | D:4      | Reached XP level 5. HP: 45/47 MP: 4/4
  3218 | D:4      | Found Nannul's Antique Weapon Shop.
  3221 | D:4      | Bought a war axe for 94 gold pieces
  3276 | D:4      | Reached skill level 5 in Fighting
  3292 | D:4      | Reached XP level 6. HP: 45/56 MP: 5/5
  4047 | D:4      | Found a hazy altar of Hepliaklqana.
  4095 | D:5      | Entered Level 5 of the Dungeon
  4168 | D:5      | Noticed an ice beast
  4169 | D:5      | Noticed COBRA's ghost (amateur HOFi)
  4203 | D:5      | Reached skill level 6 in Axes
  4213 | D:5      | Found a staircase to the Ecumenical Temple.
  4216 | D:5      | Gained mutation: You are partially covered in iridescent
                  | scales. (AC +2) [potion of mutation]
  4216 | D:5      | Gained mutation: You have a pair of large horns on your
                  | head. [potion of mutation]
  4219 | D:5      | Reached XP level 7. HP: 41/61 MP: 6/6
  4336 | D:5      | Found a runed translucent gate.
  4336 | D:5      | Found a runed translucent gate.
  4336 | D:5      | Found a runed translucent gate.
  4367 | D:5      | Reached *** piety under Trog
  4416 | D:5      | Reached skill level 5 in Armour
  4417 | D:5      | Noticed Ijyb
  4425 | D:5      | Killed Ijyb
  4676 | D:5      | Reached skill level 7 in Axes
  4847 | D:5      | Found a glowing drain.
  4857 | Sewer    | Entered a sewer
  4905 | Sewer    | Noticed Pargi
  4916 | Sewer    | Killed Pargi
  4917 | Sewer    | Reached skill level 5 in Dodging
  5213 | D:5      | Found a glowing silver altar of Zin.
  5335 | D:5      | Reached XP level 8. HP: 52/70 MP: 7/7
  5345 | D:5      | Reached skill level 8 in Axes
  5678 | D:5      | Killed COBRA's ghost
  5824 | D:6      | Noticed Maggie
  5836 | D:6      | Killed Maggie
  5837 | D:6      | Reached skill level 9 in Axes
  5870 | D:6      | Reached XP level 9. HP: 65/79 MP: 8/8
  5873 | D:6      | Found an opulent altar of Gozag.
  6222 | D:6      | Found a basalt altar of Yredelemnul.
  6362 | D:6      | Reached **** piety under Trog
  6660 | D:6      | Found a radiant altar of Vehumet.
  6660 | D:6      | Found a burning altar of Makhleb.
  6840 | D:7      | Reached skill level 10 in Axes
  7306 | D:7      | Found a flagged portal.
  7341 | Bailey   | Entered a bailey
  7350 | Bailey   | Noticed an orc warlord
  7406 | Bailey   | Noticed an orc knight
  7421 | Bailey   | Killed an orc knight
  7445 | Bailey   | HP: 4/81 [orc warrior/+0 war axe (10)]
  7446 | Bailey   | Slain by an orc warrior

Illustrated notes

Levels and vault maps discovered:
D:1:      dpeg_arrival_rooms_c, layout_loops_ring, hangedman_feature_mirror
D:2:      layout_rooms, hellmonk_ecumenical_altar_dog_temple
D:3:      layout_loops_cross, mainiacjoe_overflow_tiny_flanked,
          saegor_snake_ambush
D:4:      layout_basic, mainiacjoe_overflow_alcove_2,
          nicolae_qazlal_style_of_elements, nicolae_kikubaaqudgha_miasma_corner,
          serial_shops, nicolae_shop_behind_doors, nrook_uturn
D:5:      layout_loops_ring, mainiacjoe_overflow_alcove_4,
          minmay_temple_entry_proselytizer, gammafunk_ghost_icy,
          gup_sewer_entry_bubbles, uniq_ijyb
D:6:      layout_loops_ring, grunt_temple_overflow_lords_of_destruction,
          nicolae_overflow_hidden_temple, nicolae_gozag_seed_capital,
          kennysheep_generic_room_11, uniq_maggie
D:7:      layout_layer_cave, enter_bailey_6, uniq_crazy_yiuf_cottage,
          uniq_menkaure
Bailey:   bailey_axe_bossmonster_kennysheep, bailey

Skill      XL: |  1  2  3  4  5  6  7  8  9 |
---------------+----------------------------+-----
Axes           | 4 5 6 7 9 10 | 10.8
Fighting       | 4 5 6 7 8 |  8.3
Armour         | 3 4 5 6 7 |  7.8
Dodging        | 3 4 5 6 7 |  7.1

Action                   |  1- 3 |  4- 6 |  7- 9 || total
-------------------------+-------+-------+-------++-------
Melee: Hand axe          |    96 |    57 |       ||   153
       Headbutt          |    10 |    22 |    36 ||    68
       Punch             |     1 |       |     1 ||     2
       War axe           |       |    41 |   202 ||   243
Throw: Dart              |       |    11 |     2 ||    13
Invok: Berserk           |       |     3 |     4 ||     7
       Trog's Hand       |       |       |     1 ||     1
Evoke: Wand              |       |       |     9 ||     9
  Use: Scroll            |     2 |     5 |     9 ||    16
       Potion            |       |     2 |     3 ||     5
Armor: Animal skin       |    16 |    16 |       ||    32
       Plate armour      |       |    15 |   131 ||   146
Dodge: Dodged            |    69 |    59 |   106 ||   234
